 Dungeon Crawl Stone Soup version 0.27.1-1-g398f81649c (webtiles) character file.

Game seed: 14275146387215258980

4183 nxtlvl the Spear-Bearer (level 10, -2/86 HPs)
             Began as a Minotaur Abyssal Knight on Sept 14, 2021.
             Was a High Priest of Lugonu.
             Slain by a two-headed ogre (24 damage)
             ... on level 9 of the Dungeon.
             The game lasted 00:32:56 (3269 turns).

nxtlvl the Spear-Bearer (Minotaur Abyssal Knight)   Turns: 3269, Time: 00:32:57

Health: -2/86      AC: 17    Str: 19    XL:     10   Next: 8%
Magic:  13/13      EV:  6    Int:  9    God:    Lugonu [*****.]
Gold:   380        SH:  5    Dex: 11    Spells: 9/9 levels left

rFire    + . .     SeeInvis .   a - +0 halberd
rCold    . . .     Faith    .   (shield currently unavailable)
rNeg     . . .     Spirit   .   c - +0 plate armour
rPois    .         Reflect  +   (helmet restricted)
rElec    .         Harm     .   f - +0 cloak
rCorr    .         Rampage  .   d - +0 pair of gloves
Will     .....                  e - +0 pair of boots of the Orcish Mines {rF+ Slay+5}
Stlth    ..........             l - amulet of reflection
HPRegen  0.24/turn              (no ring)
MPRegen  0.13/turn              (no ring)

@: lethally poisoned (-2 -> -3), slowed, very slow
A: horns 2, retaliatory headbutt
a: Renounce Religion, Depart the Abyss, Bend Space, Banish, Corrupt, Enter the
Abyss


You were on level 9 of the Dungeon.
You worshipped Lugonu.
Lugonu was extremely pleased with you.
You visited 2 branches of the dungeon, and saw 10 of its levels.
You visited the Abyss 1 time.

You collected 380 gold pieces.

Inventory:

Hand Weapons
 a - a +0 halberd (weapon)
 b - a +3 war axe of flaming
 E - a +0 shortbow
 I - a +4 trident
 J - a +0 broad axe
Missiles
 k - 83 arrows
 p - 6 boomerangs (quivered)
 r - 33 sling bullets
 w - 32 bolts
 M - 13 javelins
 O - 15 poisoned darts
Armour
 c - a +0 plate armour (worn)
 d - a +0 pair of gloves (worn)
 e - the +0 pair of boots of the Orcish Mines (worn) {rF+ Slay+5}
   (You found it on level 5 of the Dungeon)

   Slay:      It affects your accuracy & damage with ranged weapons and melee
   (+5).
   rF:        It protects you from fire.
 f - a +0 cloak (worn)
 h - a +0 buckler
 C - a +0 scale mail of willpower
 H - a +0 kite shield
Jewellery
 l - an amulet of reflection (around neck)
Wands
 n - a wand of iceblast (10)
 q - a wand of flame (22)
 t - a wand of digging (10)
 u - a wand of charming (2)
 F - a wand of polymorph (4)
Scrolls
 o - 7 scrolls of teleportation
 v - a scroll of blinking {unknown}
 y - 3 scrolls of identify {unknown}
 B - 2 scrolls of fear {unknown}
 D - 3 scrolls of enchant armour {unknown}
 G - a scroll of fog {unknown}
Potions
 g - 4 potions of flight {unknown}
 i - 2 potions of heal wounds {unknown}
 j - 3 potions of lignification {unknown}
 m - a potion of mutation {unknown}
 s - a potion of brilliance {unknown}
 x - 2 potions of cancellation {unknown}
 z - 3 potions of attraction {unknown}
 A - a potion of berserk rage {unknown}
 K - a potion of might {unknown}
 L - a potion of haste {unknown}
 N - a potion of curing {unknown}


   Skills:
 + Level 7.4 Fighting
 * Level 13.1 Polearms
 + Level 6.8 Armour
 - Level 1.1 Dodging
 + Level 5.7 Invocations


You had 9 spell levels left.
You didn't know any spells.
Your spell library was empty.

Dungeon Overview and Level Annotations

Branches:
Dungeon (9/15)             Temple (1/1) D:7            Lair (0/6) D:9
    Orc: D:9-12

Altars:
Ashenzari
Cheibriados
Dithmenos
Elyvilon
Fedhas
Gozag
Hepliaklqana
Nemelex Xobeh
Okawaru
Qazlal
Ru
Trog
Uskayaw
Vehumet
Wu Jian
Xom
Yredelemnul
Zin
The Shining One


Innate Abilities, Weirdness & Mutations

You have a pair of horns on your head.
You reflexively headbutt those who attack you in melee.


Message History

You are poisoned.
Your water moccasin bites Erica.
You feel very sick.
Erica dies!
Lugonu accepts your kill.
Your water moccasin looks stronger.
Your water moccasin bites the two-headed ogre.
The two-headed ogre hits your water moccasin with a +0 giant spiked club!
The two-headed ogre closely misses your water moccasin.
Your water moccasin bites the two-headed ogre.
Your Polearms skill increases to level 13!
You have reached level 10!
You feel very sick.
Your water moccasin bites the two-headed ogre.
The two-headed ogre hits your water moccasin with a +0 giant spiked club!!
Your water moccasin dies!
The two-headed ogre shouts in stereo!
Aiming: Polymorph
Press: ? - help, Shift-Dir - straight line, f - two-headed ogre
Aim: a two-headed ogre, wielding a +0 giant spiked club and a +0 giant club (moderately wounded, will become a glowing shapeshifter, a sea snake, or a cyclops, chance to affect: 28%)
Okay, then.
Unknown command.
Aiming: Charm
Press: ? - help, Shift-Dir - straight line, f - two-headed ogre
Aim: a two-headed ogre, wielding a +0 giant spiked club and a +0 giant club (moderately wounded, chance to affect: 28%)
The two-headed ogre easily resists.
You feel sick.
Okay, then.
Reach: a) +0 halberd
Press: ? - help, Dir - move target, f/p - two-headed ogre
Aim: a two-headed ogre, wielding a +0 giant spiked club and a +0 giant club (moderately wounded, about 21% to evade your +0 halberd)
You reach to attack!
You slash the two-headed ogre!
The two-headed ogre is heavily wounded.
You feel sick. You block the two-headed ogre's attack.
The two-headed ogre hits you with a +0 giant club!!
* * * LOW HITPOINT WARNING * * *
You hit the two-headed ogre but do no damage.
The two-headed ogre is heavily wounded.
You feel sick.
The two-headed ogre hits you with a +0 giant spiked club!!
You die...

#.## #.# #.# #)# #)# #†#
######.####################
...........................
................@O†).......
###.........####..#.8.8.8.#
#.........# #..#........
#.........# #..#........
#.........# #..#......#.
#.........# #..#....)_#
#.........# #..#......#
#.........# #..#.......
#.........# #..#


You could see a two-headed ogre.

Vanquished Creatures
  A moth of wrath (D:6)
  A steam dragon (D:8)
  An orc warrior (D:9)
  An ice beast (D:6)
  2 sky beasts (D:5)
  2 ogres
  A wolf (D:8)
  A centaur (D:6)
  2 phantoms (D:4)
  A bullfrog (D:9)
  A gnoll sergeant (D:7)
  7 scorpions
  A water moccasin zombie (D:6)
  8 killer bees
  8 wights
  3 jellies
  2 electric eels (D:6)
  A howler monkey (D:9)
  2 hounds
  A bullfrog skeleton (D:6)
  4 centaur skeletons
  2 gnoll shamans
  2 orc priests
  4 iguanas
  4 orc wizards
  A killer bee zombie (D:8)
  A howler monkey zombie (D:6)
  5 adders
  19 gnolls
  7 river rats (D:8)
  A shadow imp (D:8)
  2 adder zombies
  A worm (D:8)
  A dart slug (D:2)
  15 orcs
  6 bats
  3 endoplasms
  4 giant cockroaches
  8 goblins
  8 hobgoblins
  8 jackals
  4 kobolds (D:1)
  A quokka (D:4)
  3 ball pythons
  6 frilled lizards
  24 rats
191 creatures vanquished.

Vanquished Creatures (collateral kills)
  Erica (D:9)
1 creature vanquished.

Vanquished Creatures (others)
  A water moccasin (D:9)
  2 plants (D:9)
3 creatures vanquished.

Grand Total: 195 creatures vanquished

Notes
Turn   | Place    | Note
-------+----------+-------------------------------------------
     0 | Abyss:1  | nxtlvl the Minotaur Abyssal Knight began the quest for the
                  | Orb.
     0 | Abyss:1  | Reached XP level 1. HP: 19/19 MP: 1/1
    30 | D:1      | Escaped the Abyss
   105 | D:1      | Reached skill level 3 in Polearms
   118 | D:1      | Reached XP level 2. HP: 19/26 MP: 2/2
   209 | D:1      | Reached ** piety under Lugonu
   210 | D:1      | Reached skill level 4 in Polearms
   217 | D:1      | Found a faded altar of an unknown god.
   396 | D:1      | Reached XP level 3. HP: 31/31 MP: 3/3
   624 | D:2      | You fall into a shaft and drop 2 floors!
   642 | D:4      | Reached skill level 5 in Polearms
   658 | D:4      | Found a blossoming altar of Fedhas.
   667 | D:5      | Entered Level 5 of the Dungeon
   691 | D:6      | Reached XP level 4. HP: 22/39 MP: 4/4
   707 | D:6      | Reached skill level 6 in Polearms
   713 | D:6      | Reached XP level 5. HP: 17/45 MP: 5/5
   726 | D:6      | Reached skill level 7 in Polearms
   752 | D:6      | Found a glowing silver altar of Zin.
   840 | D:7      | Reached XP level 6. HP: 28/51 MP: 6/6
   877 | D:7      | Found a staircase to the Ecumenical Temple.
   888 | D:7      | Reached skill level 8 in Polearms
   893 | Temple   | Entered the Ecumenical Temple
  1080 | D:7      | Noticed a water moccasin
  1100 | D:7      | Reached skill level 9 in Polearms
  1118 | D:7      | Reached *** piety under Lugonu
  1119 | D:7      | Reached XP level 7. HP: 13/57 MP: 7/7
  1189 | D:6      | Found an ornate altar of the Wu Jian Council.
  1261 | D:6      | Reached skill level 10 in Polearms
  1268 | D:6      | Found a basalt altar of Yredelemnul.
  1656 | D:5      | Identified the +0 pair of boots of the Orcish Mines {rF+
                  | Slay+5}
  1755 | D:4      | Reached XP level 8. HP: 50/66 MP: 8/8
  1885 | D:5      | Reached skill level 11 in Polearms
  1985 | D:4      | Reached skill level 5 in Fighting
  1994 | D:3      | Reached **** piety under Lugonu
  2231 | D:5      | Reached skill level 5 in Armour
  2231 | D:5      | Reached XP level 9. HP: 25/75 MP: 11/11
  2335 | D:6      | Noticed a moth of wrath
  2338 | D:6      | Found a bloodstained altar of Trog.
  2387 | D:6      | Killed a moth of wrath
  2388 | D:6      | Reached skill level 12 in Polearms
  2784 | D:8      | Found a shimmering altar of Xom.
  2851 | D:8      | Reached ***** piety under Lugonu
  3005 | D:9      | Noticed a two-headed ogre
  3023 | D:8      | Reached skill level 5 in Invocations
  3165 | D:9      | Found a staircase to the Lair.
  3243 | D:9      | Found a hide-covered altar of Uskayaw.
  3244 | D:9      | Noticed Erica
  3265 | D:9      | Killed Erica
  3266 | D:9      | Reached skill level 13 in Polearms
  3266 | D:9      | Reached XP level 10. HP: 48/86 MP: 13/13
  3269 | D:9      | Slain by a two-headed ogre

Illustrated notes

Levels and vault maps discovered:
D:1:      minmay_arrival_cross, layout_loops_cross,
          hellmonk_ecumenical_altar_arch_garden, minmay_misc_feat_roman
D:2:      layout_rooms
D:3:      layout_basic, mainiacjoe_overflow_six_doors_small
D:4:      layout_basic, fedhas_ov_isle_minmay, minivault_4,
          minmay_fractal_squares_diagonal_5
D:5:      layout_cave_pools, chequers_mini_garden, nrook_pool_corridor,
          kennysheep_donut, uniq_crazy_yiuf_cottage
D:6:      layout_basic, tgw_trog, mainiacjoe_overflow_small_starburst,
          mainiacjoe_overflow_catch_the_wave
D:7:      layout_basic, minmay_temple_entry_waves, grunt_ministairs_14,
          hangedman_decor_peaks_small, st_stairs_6
D:8:      layout_basic, mainiacjoe_overflow_surrounded_room, dk_rats_in_the_wall
D:9:      layout_small_grid, eat_drink_and_be_merry_uskayaw,
          grunt_lair_entry_orc_guard_hut, uniq_erica, uniq_harold
Temple:   nicolae_temple_no_exploring_needed

Skill      XL: |  1  2  3  4  5  6  7  8  9 |
---------------+----------------------------+-----
Polearms       | 3 4 5 6 7 9 10 11 13 | 13.1
Invocations    | 2 4 5 |  5.7
Fighting       | 4 5 7 |  7.4
Armour         | 3 5 6 |  6.8
Dodging        | |  1.1

Action                   |  1- 3 |  4- 6 |  7- 9 | 10-12 || total
-------------------------+-------+-------+-------+-------++-------
Melee: Spear             |   135 |    39 |       |       ||   174
       Headbutt          |    11 |     7 |    46 |       ||    64
       Halberd           |       |    57 |   361 |     2 ||   420
Throw: Boomerang         |     3 |     4 |     2 |       ||     9
Evoke: Wand              |       |       |    24 |     1 ||    25
  Use: Scroll            |       |       |     1 |       ||     1
Armor: Leather armour    |    19 |       |       |       ||    19
       Plate armour      |     9 |    26 |   112 |       ||   147
Dodge: Dodged            |    42 |    15 |    42 |       ||    99
Block: Other             |    13 |    16 |    46 |     1 ||    76
       Reflection        |       |       |     1 |       ||     1
